 Dungeon Crawl Stone Soup version 0.13.0 (webtiles) character file.

9089 ivanovan88 the Covert (level 11, -4/47 HPs)
             Began as a Spriggan Enchanter on Oct 12, 2013.
             Was a Believer of Ashenzari.
             Slain by a seven-headed hydra (7 damage)
             ... on Level 1 of the Lair of Beasts.
             The game lasted 02:41:06 (14955 turns).

ivanovan88 the Covert (Spriggan Enchanter)         Turns: 14955, Time: 02:41:08

HP  -4/47        AC  3     Str  6      XL: 11   Next: 12%
MP   0/31        EV 29     Int 17      God: Ashenzari [**....]
Gold 442         SH  0     Dex 20      Spells:  5 memorised, 14 levels left

Res.Fire  : x . .   See Invis. : +   F - +8 dagger "Leumew" {elec, Dex+2}
Res.Cold  : + . .   Warding    : .   y - +1 orc robe (curse)
Life Prot.: . . .   Conserve   : .   (shield restricted)
Res.Poison: .       Res.Corr.  : .   (helmet restricted)
Res.Elec. : .       Clarity    : .   (no cloak)
Sust.Abil.: . .     Spirit.Shd : +   (gloves unavailable)
Res.Mut.  : .       Stasis     : .   (boots unavailable)
Res.Rott. : .       Flight     : .   G - amulet of guardian spirit
Saprovore : . . .                    (no ring)
                                     R - ring of ice

@: very quick, quite resistant to hostile enchantments, extremely stealthy
A: unfitting armour, hooves 1, see invisible, herbivore 3, speed 3, slow
metabolism 2
a: Renounce Religion


You were on level 1 of the Lair of Beasts.
You worshipped Ashenzari.
Ashenzari was pleased with you.
You were not hungry.

You visited 2 branches of the dungeon, and saw 12 of its levels.

You collected 422 gold pieces.

Inventory:

Hand weapons
 F - the cursed +8,+8 dagger "Leumew" (weapon) {elec, Dex+2}
   (You found it on level 4 of the Dungeon)

   Occasionally, upon striking a foe, it will discharge some electrical energy
   and cause terrible harm.
   It affects your dexterity (+2).
   It has a curse placed upon it.
Armour
 p - a +0 cloak
 y - a cursed +1 orcish robe (worn)
Magical devices
 w - a wand of lightning (3)
 x - a wand of digging (15)
 P - a wand of disintegration (13)
Comestibles
 h - 6 bread rations
 I - an apricot
 J - an apple
 L - an orange
Scrolls
 a - a scroll of curse weapon
 b - 2 scrolls of magic mapping {unknown}
 c - a scroll of summoning {unknown}
 d - a scroll of curse armour
 f - a scroll of identify
 j - 4 scrolls of teleportation
 k - a scroll of noise {unknown}
 l - 2 scrolls of random uselessness {unknown}
 m - a scroll of amnesia
 o - 9 scrolls of remove curse
 s - 2 scrolls of enchant armour
 E - 2 scrolls of recharging {unknown}
 K - 2 scrolls of fear
 O - 2 scrolls of blinking
Jewellery
 G - an amulet of guardian spirit (around neck)
 R - a ring of ice (left hand)
Potions
 e - a potion of porridge
 g - 4 potions of curing
 i - a potion of resistance {unknown}
 n - a potion of slowing {unknown}
 q - a potion of restore abilities {unknown}
 t - 2 potions of might
 u - a potion of poison {unknown}
 v - a potion of brilliance
 A - a potion of invisibility
 B - a potion of agility
 C - 3 potions of heal wounds
 D - a potion of mutation
 M - a potion of flight
Books
 r - a book of the Warp

   Spells                             Type                      Level
   Recall                             Summoning/Translocation      3
   Control Teleport                   Charms/Translocation         4
   Phase Shift                        Translocation                5
   Warp Weapon                        Charms/Translocation         5
   Dispersal                          Translocation                6
   Controlled Blink                   Translocation                7
   Disjunction                        Translocation                8
 z - a book of Enchantments

   Spells                             Type                      Level
   Cause Fear                         Hexes                        4
   Silence                            Hexes/Air                    5
   Tukima's Dance                     Hexes                        5
   Deflect Missiles                   Charms/Air                   6
   Haste                              Charms                       6
   Discord                            Hexes                        8
 Q - a book of Annihilations {highlevel}

   This book is beyond your current level of understanding.

   Spells                             Type                      Level
   Poison Arrow                       Conjuration/Poison           6
   Orb of Destruction                 Conjuration                  7
   Chain Lightning                    Conjuration/Air              8
   Lehudib's Crystal Spear            Conjuration/Earth            8
   Ice Storm                          Conjuration/Ice              9
   Fire Storm                         Conjuration/Fire             9


   Skills:
 + Level 8.1(10.4) Short Blades
 - Level 1.1 Throwing
 + Level 11.1 Dodging
 + Level 11.8 Stealth
 + Level 10.3 Spellcasting
 + Level 9.9 Hexes


You had 14 spell levels left.
You knew the following spells:

 Your Spells              Type           Power        Failure   Level  Hunger
a - Corona                Hex            #####..      1%          1    None
b - Ensorcelled Hibernat  Hex/Ice        #####.       1%          2    None
c - Confuse               Hex            #####...     1%          3    None
d - Enslavement           Hex            #####...     1%          4    ###....
e - Invisibility          Hex            #####...     21%         6    ######.


Dungeon Overview and Level Annotations

Branches:
Dungeon (11/27)            Temple (0/1) D:7             Orc (0/4) D:9
   Lair (1/8) D:11

Altars:
Ashenzari
Elyvilon
Fedhas
Okawaru
Sif Muna
Vehumet
the Shining One

Shops:
D:8 [

Portals:
Ziggurat: D:3 (3730 gp) D:11 (5440 gp)

Annotations:
D:4 Prince Ribbit


Innate Abilities, Weirdness & Mutations

You are tiny and cannot use many weapons and most armour.
You have supernaturally acute eyesight.
You are a herbivore.
You cover ground extremely quickly.
You need consume almost no food.
You have large cloven feet.


Message History

The seven-headed hydra closely misses you.
The seven-headed hydra completely misses you.
The seven-headed hydra misses you. The seven-headed hydra bites you.
The seven-headed hydra closely misses you.
The seven-headed hydra completely misses you.
There is a staircase back to the Dungeon, spattered with blood here.
The blink frog gives a loud, deep croak!
The jackal completely misses you. The six-headed hydra bites you!
* * * LOW HITPOINT WARNING * * *
The six-headed hydra closely misses you.
The six-headed hydra completely misses you.
The six-headed hydra closely misses you.
The six-headed hydra barely misses you.
The blink frog blinks!
The seven-headed hydra bites you!
* * * LOW HITPOINT WARNING * * *
The seven-headed hydra bites you.
* * * LOW HITPOINT WARNING * * *
The seven-headed hydra bites you!
You die...

.... , ..........*
,, , .........=## ,
, , , .......#....#
........#....### , ,
* #...$...#........
.................
..Fh...h.......... ,
...ยง...h@..........
, ,
.......DD..........
, .....F.......)....
................. ,
, ,, ,
................. ,
..............F.
..............
............ ,
.........


You could see a seven-headed hydra, a six-headed hydra, 2 blink frogs and 3
jackals.

Vanquished Creatures
  Erolcha (D:11)
  Maurice (D:10)
  Sonja (D:11)
  A shadow (D:11)
  A merfolk (D:8)
  7 yaks
  A wyvern (D:10)
  A steam dragon (D:8)
  A hippogriff (D:10)
  A wraith (D:10)
  2 hungry ghosts
  A manticore (D:9)
  Menkaure (D:7)
  A phantom (D:11)
  5 ogres
  An orc warrior (D:8)
  4 sky beasts
  6 ice beasts
  4 centaurs
  2 black bears (D:11)
  A crocodile (D:11)
  6 giant frogs
  A gnoll sergeant (D:5)
  2 eyes of draining
  8 wights
  10 killer bees
  12 crimson imps
  A big fish (D:8)
  A goliath beetle (D:11)
  3 orc priests
  A giant frog zombie (D:6)
  3 hounds
  2 quasits
  2 giant frog skeletons
  A jelly (D:6)
  A centaur skeleton (D:8)
  6 iguanas
  6 orc wizards
  12 worker ants
  An ogre zombie (D:8)
  Ijyb (D:4)
  5 gnolls (D:5)
  13 adders
  7 green rats
  A worm (D:2)
  2 giant eyeballs
  6 giant geckos
  18 orcs
  17 bats
  10 giant cockroaches
  16 hobgoblins
  13 jackals
  6 quokkas
  2 ball pythons
  A giant gecko skeleton (D:8)
  6 giant newts
  A giant spore (D:11)
  7 goblins
  2 hobgoblin zombies
  23 kobolds
  An orc skeleton (D:9)
  An orc zombie (D:7)
  22 rats
  7 ballistomycetes (D:11)
311 creatures vanquished.

Vanquished Creatures (collateral kills)
  A yak (D:11)
  3 orc wizards
  2 orcs (D:8)
6 creatures vanquished.

Vanquished Creatures (others)
  A giant spore (D:11)
1 creature vanquished.

Grand Total: 318 creatures vanquished

Notes
Turn   | Place    | Note
--------------------------------------------------------------
     0 | D:1      | ivanovan88, the Spriggan Enchanter, began the quest for the Orb.
     0 | D:1      | Reached XP level 1. HP: 9/9 MP: 4/4
   125 | D:1      | Reached XP level 2. HP: 8/13 MP: 6/6
   129 | D:1      | Reached skill level 4 in Hexes
   234 | D:1      | Learned a level 2 spell: Ensorcelled Hibernation
   871 | D:1      | Reached XP level 3. HP: 12/16 MP: 2/9
  1174 | D:2      | Learned a level 3 spell: Confuse
  1466 | D:2      | Found an iron altar of Okawaru.
  1469 | D:2      | Reached XP level 4. HP: 15/21 MP: 12/12
  2464 | D:3      | Found a gateway to a ziggurat.
  2559 | D:3      | Found a shattered altar of Ashenzari.
  2653 | D:3      | Became a worshipper of Ashenzari the Shackled
  2898 | D:3      | Reached XP level 5. HP: 24/24 MP: 12/15
  2940 | D:3      | Found a radiant altar of Vehumet.
  2945 | D:3      | Found a white marble altar of Elyvilon.
  3011 | D:4      | Noticed an ogre
  3013 | D:4      | Killed an ogre
  3013 | D:4      | Reached skill level 5 in Dodging
  3058 | D:3      | Reached skill level 5 in Stealth
  3124 | D:4      | Reached XP level 6. HP: 28/28 MP: 18/18
  3181 | D:4      | Found a glowing golden altar of the Shining One.
  3186 | D:4      | Noticed Prince Ribbit
  3694 | D:4      | Noticed Ijyb
  3696 | D:4      | Killed Ijyb
  3719 | D:4      | Reached skill level 5 in Hexes
  3826 | D:4      | Noticed an ogre
  4322 | D:4      | Noticed an ogre
  4326 | D:4      | Killed an ogre
  4752 | D:4      | Identified the +8,+8 dagger "Leumew" {elec, Dex+2} (You found it on level 4 of the Dungeon)
  4783 | D:5      | Entered Level 5 of the Dungeon
  4809 | D:5      | Reached XP level 7. HP: 32/32 MP: 21/21
  4849 | D:5      | Reached skill level 6 in Dodging
  5622 | D:5      | Reached skill level 5 in Spellcasting
  5825 | D:5      | Killed an ogre
  5947 | D:5      | Reached XP level 8. HP: 36/36 MP: 24/24
  5978 | D:5      | Reached skill level 7 in Stealth
  7064 | D:6      | Reached skill level 8 in Stealth
  7535 | D:7      | Reached skill level 5 in Short Blades
  7736 | D:7      | Found a staircase to the Ecumenical Temple.
  7762 | D:7      | Learned a level 4 spell: Enslavement
  7769 | D:7      | Learned a level 6 spell: Invisibility
  7969 | D:7      | Reached XP level 9. HP: 39/39 MP: 23/27
  8138 | D:7      | Noticed Menkaure
  8139 | D:7      | Found a deep blue altar of Sif Muna.
  8141 | D:7      | Killed Menkaure
  8520 | D:7      | Identified Sif Muna's Handbook of Attacks (You found it on level 7 of the Dungeon)
  8614 | D:8      | Reached skill level 9 in Stealth
  8737 | D:8      | Gained mutation: You have large cloven feet. [potion of mutation]
  8899 | D:8      | Found Schugid's Armour Boutique.
  9151 | D:8      | Paralysed by a giant eyeball for 3 turns
  9476 | D:9      | Reached skill level 10 in Stealth
  9722 | D:9      | Reached XP level 10. HP: 44/44 MP: 26/29
 10040 | D:9      | Found a staircase to the Orcish Mines.
 10248 | D:10     | Entered Level 10 of the Dungeon
 10254 | D:10     | Noticed Maurice
 10271 | D:10     | Killed Maurice
 10310 | D:10     | Reached skill level 10 in Dodging
 10399 | D:10     | Paralysed by a giant eyeball for 4 turns
 10459 | D:10     | Acquired Ashenzari's first power
 12310 | D:10     | Reached skill level 11 in Stealth
 12629 | D:11     | Noticed Erolcha
 12976 | D:11     | Noticed an angel
 12977 | D:11     | Found a gateway to a ziggurat.
 12978 | D:11     | Noticed an angel
 13288 | D:11     | Noticed Sonja
 13291 | D:11     | Reached skill level 10 in Spellcasting
 13309 | D:11     | Killed Sonja
 13628 | D:11     | Killed Erolcha
 13647 | D:11     | Reached XP level 11. HP: 47/47 MP: 31/31
 14008 | D:11     | Found a staircase to the Lair.
 14461 | D:11     | Found a blossoming altar of Fedhas.
 14915 | Lair:1   | Entered Level 1 of the Lair of Beasts
 14915 | Lair:1   | Noticed a seven-headed hydra
 14915 | Lair:1   | Noticed a six-headed hydra
 14955 | Lair:1   | Slain by a seven-headed hydra

Action                   |  1- 3 |  4- 6 |  7- 9 | 10-12 || total
-------------------------+-------+-------+-------+-------++-------
Melee: Dagger            |    44 |    10 |   258 |   271 ||   583
       Short sword       |    56 |   161 |       |       ||   217
 Cast: Ensorcelled Hiber |     9 |    22 |    29 |    11 ||    71
       Confuse           |       |     1 |    14 |    15 ||    30
       Enslavement       |       |       |     4 |     2 ||     6
Evoke: Wand              |       |       |     6 |     3 ||     9
  Use: Scroll            |       |     2 |    12 |       ||    14
       Potion            |       |       |     8 |     4 ||    12
 Stab: Sleeping          |    20 |    20 |    38 |    16 ||    94
       Distracted        |       |       |     2 |     7 ||     9
       Confused          |       |       |     8 |     3 ||    11
